AoeStats
← teccojc

Arabia

510370301Analyzed
1v1 RM · 2d ago on Sep 30, 2026· 62m 22s· 2 players
Game mode
Random Map
Map size
Tiny (2 player)
Population
200
Speed
Normal
Resources
Standard
Victory
Conquest
Starting age
Dark Age
Ending age
Imperial Age
RankedLock teamsTeams togetherTeam positionsShared explorationLock speedFull tech treeHidden civsTurbo modeCheats
Victory
Defeat
🇦🇷 Mongols · Argentina
934
+16
🇵🇪 Mongols · Peru
932
-16
loading...
10:18 Feudal Age
11:47 Double-Bit Axe
13:04 Loom
13:20 Horse Collar
22:40 Castle Age
26:16 Wheelbarrow
26:31 Bow Saw
26:52 Heavy Plow
31:54 Scale Barding Armor
32:00 Forging
34:17 Husbandry
34:28 Bloodlines
34:06 Pikeman
37:17 Iron Casting
38:24 Hand Cart
45:44 Squires
45:30 Arson
47:20 Scale Mail Armor
47:41 Chain Barding Armor
53:26 Imperial Age
54:15 Chain Mail Armor
54:57 Drill
55:35 Onager
56:55 Siege Onager
58:57 Gold Mining
teccojc
6:27 Loom
9:14 Feudal Age
11:35 Man-at-Arms
20:21 Castle Age
19:21 Double-Bit Axe
19:46 Fletching
19:57 Padded Archer Armor
21:37 Leather Archer Armor
21:18 Bodkin Arrow
21:46 Squires
27:51 Forging
27:47 Scale Barding Armor
29:13 Husbandry
36:49 Ballistics
37:53 Bodkin Arrow
38:43 Horse Collar
51:45 Imperial Age
49:45 Scale Mail Armor
50:24 Iron Casting
50:10 Chain Barding Armor
54:14 Chemistry
56:57 Bracer
57:57 Cavalier
58:57 Gold Mining
59:38 Heavy Plow
Connection lost

Rejoining the realm…

Still unreachable

The connection could not be restored.

Session expired

The server has moved on; the page needs a fresh start.